 Dungeon Crawl Stone Soup version 0.18-a0-455-gc7d4c65 (webtiles) character file.

57 xeno23 the Gusty (level 3, -3/26 HPs)
             Began as a Demigod Air Elementalist on Dec 1, 2015.
             Slain by Avanven's ghost (11 damage)
             ... on level 3 of the Dungeon.
             The game lasted 00:04:44 (1408 turns).

xeno23 the Gusty (Demigod Air Elementalist)         Turns: 1408, Time: 00:04:44

Health: -3/26      AC:  3    Str: 13    XL:     3   Next: 50%
Magic:  1/9        EV: 12    Int: 19    God:
Gold:   149        SH:  0    Dex: 16    Spells: 1 memorised, 5 levels left

rFire  + . .     SeeInvis .     (no weapon)
rCold  x . .     Clarity  .     a - +0 robe
rNeg   + . .     SustAt   +     (no shield)
rPois  .         Gourm    .     t - +0 helmet
rElec  .         Spirit   .     (no cloak)
rCorr  .         Dsmss    .     (no gloves)
rMut   .         Stasis   .     (no boots)
MR     .....                    (no amulet)
Stlth  ++........               v - ring of fire
                                s - ring of positive energy

@: not resistant to hostile enchantments, unstealthy
A: high mp 1, sustain attributes
a: no special abilities


You were on level 3 of the Dungeon.
You were not hungry.

You visited 1 branch of the dungeon, and saw 3 of its levels.

You collected 149 gold pieces.

Inventory:

Armour
 a - a +0 robe (worn)
 t - a +0 helmet (worn)
Jewellery
 s - a ring of positive energy (left hand)
 v - a ring of fire (right hand)
Scrolls
 d - a scroll of blinking {unknown}
 e - 2 scrolls of fog {unknown}
 g - a scroll of identify {unknown}
 k - 3 scrolls of recharging {unknown}
 l - 2 scrolls of enchant armour {unknown}
 q - a scroll of teleportation {unknown}
Potions
 h - 2 potions of agility {unknown}
 i - 2 potions of heal wounds {unknown}
 j - a potion of ambrosia {unknown}
 n - 2 potions of haste {unknown}
 p - a potion of invisibility {unknown}
 r - 2 potions of flight {unknown}
Books
 b - a book of Air

   Spells                             Type                      Level
   a - Shock                          Conjuration/Air              1
   b - Swiftness                      Charms/Air                   2
   c - Repel Missiles                 Charms/Air                   2
   d - Static Discharge               Conjuration/Air              3
   e - Lightning Bolt                 Conjuration/Air              5
Comestibles
 c - 5 bread rations
 f - 2 slices of pizza
 m - a meat ration
 o - 2 fruits
 u - a beef jerky


   Skills:
 - Level 1.7 Dodging
 - Level 1.7 Stealth
 + Level 2.3 Spellcasting
 + Level 2.0 Conjurations
 + Level 3.4 Air Magic


You had 5 spell levels left.
You knew the following spells:

 Your Spells              Type           Power        Failure   Level  Hunger
a - Shock                 Conj/Air       ##..         8%          1    #......


Dungeon Overview and Level Annotations

Branches:
Dungeon (3/15)

Annotations:
D:3 Avanven's ghost, amateur VSCK


Innate Abilities, Weirdness & Mutations

You have an increased reservoir of magic (+10% MP).
Your attributes are resistant to harm.


Message History

Aiming: Shock
Press: ? - help, Shift-Dir - straight line, f/p - adder
Aim: an adder (heavily wounded)
The zap misses the adder.
The adder bites you. Avanven's ghost hits you!
You take 10 damage.
Casting: Shock
Confirm with . or Enter, or press ? or * to list all spells.
Aiming: Shock
Press: ? - help, Shift-Dir - straight line, f/p - adder
Aim: an adder (heavily wounded)
The zap misses the adder.
The adder closely misses you. The adder barely misses you.
Avanven's ghost closely misses you.
Casting: Shock
Confirm with . or Enter, or press ? or * to list all spells.
Aiming: Shock
Press: ? - help, Shift-Dir - straight line, f/p - adder
Aim: an adder (heavily wounded)
The zap misses the adder.
The adder closely misses you. Avanven's ghost hits you!
You die...

......................
......................
......................
######.#.##.......###
#.#.##.......# .
#.#.##.......# ?..
#.#.##.......#
.....####.#.##.......#
†.....S@W.#.##.......#
.....####.#.##.......#
... #.#.##.......# .
### #.......#
#.......# #.......#
#.......# #.......#
#<#'######


You could see Avanven's ghost and an adder.

Vanquished Creatures
  An adder (D:3)
  3 giant geckos
  2 orcs
  A ball python (D:2)
  2 giant cockroaches
  2 goblins (D:1)
  6 hobgoblins
  7 bats
  5 giant newts
  9 kobolds
  5 rats
43 creatures vanquished.

Vanquished Creatures (others)
  A kobold (D:2)
1 creature vanquished.

Grand Total: 44 creatures vanquished

Notes
Turn   | Place    | Note
--------------------------------------------------------------
     0 | D:1      | xeno23 the Demigod Air Elementalist began the quest for the Orb.
     0 | D:1      | Reached XP level 1. HP: 14/14 MP: 5/5
    44 | D:1      | Reached skill level 1 in Conjurations
   209 | D:1      | Reached skill level 3 in Air Magic
   248 | D:1      | Reached XP level 2. HP: 18/20 MP: 4/7
   502 | D:2      | Found a radiant altar of Vehumet.
   620 | D:2      | Found a deep blue altar of Sif Muna.
   669 | D:2      | Found a glowing silver altar of Zin.
   728 | D:2      | Reached XP level 3. HP: 20/26 MP: 3/8
   765 | D:2      | Found a glowing silver altar of Zin.
   765 | D:2      | Noticed an angel
   769 | D:2      | Found a shimmering altar of Xom.
  1392 | D:3      | Noticed Avanven's ghost (amateur VSCK)
  1408 | D:3      | Slain by Avanven's ghost

Vault maps used:
D:1:      dpeg_arrival_arbitrary_c
D:2:      grunt_temple_overflow_order_and_chaos_1, fiery_altar_vehumet,
          led_sif_pool, first_bread, corexii_leaking_fountain,
          lemuel_statue_altar
D:3:      overflow_temple_1_default

Action                   || total
-------------------------++-------
Melee: Unarmed           ||    46
 Cast: Shock             ||    85
  Eat: Chunk             ||     2
